 Dungeon Crawl Stone Soup version 0.30.0-29-ga12c61a403 (webtiles) character file.

Game seed: 13184066182407198717

173 McKennaii the Trooper (level 5, 42/42 HPs)
             Began as a Demonspawn Fighter on June 3, 2023.
             Quit the game on level 3 of the Dungeon.
             The game lasted 00:04:18 (2219 turns).

McKennaii the Trooper (Demonspawn Fighter)          Turns: 2219, Time: 00:04:19

Health: 42/42      AC:  8    Str: 18    XL:     5   Next: 28%
Magic:  5/5        EV:  9    Int: 10    God:
Gold:   128        SH:  0    Dex: 12    Spells: 4/4 levels left

rFire   . . .        a - +0 trident
rCold   . . .        (no shield)
rNeg    . . .        b - +0 scale mail
rPois   .            (no helmet)
rElec   .            h - +0 cloak
rCorr   .            (no gloves)
SInv    .            (no boots)
Will    .....        i - amulet of guardian spirit Stlth
                     (no ring)
HPRegen 0.27/turn    (no ring)
MPRegen 0.09/turn

%: guardian spirit
@: no status effects
A: demonic touch 2
a: no special abilities


You were on level 3 of the Dungeon.
You visited 1 branch of the dungeon, and saw 3 of its levels.

You collected 128 gold pieces.

Inventory:

Hand Weapons
 a - a +0 trident (weapon)
Armour
 b - a +0 scale mail (worn)
 h - a +0 cloak (worn)
Jewellery
 i - an amulet of guardian spirit (around neck)
Scrolls
 c - 3 scrolls of identify {unknown}
 j - 2 scrolls of teleportation {unknown}
 m - a scroll of enchant armour {unknown}
Potions
 d - a potion of might
 e - a potion of haste {unknown}
 f - a potion of ambrosia {unknown}
 g - 2 potions of curing {unknown}
 k - a potion of heal wounds {unknown}
 l - a potion of attraction {unknown}


   Skills:
 + Level 4.1 Fighting
 + Level 3.2 Polearms
 + Level 3.8 Armour
 - Level 2.8 Shields


You had 4 spell levels left.
You didn't know any spells.
Your spell library contained the following spells:

 Spells                   Type           Power      Damage    Failure   Level
 Lesser Beckoning         Tloc           0%         N/A       87%         2
 Scorch                   Fire           0%         2d5       87%         2
 Sublimation of Blood     Necr           0%         N/A       87%         2
 Gell's Gravitas          Tloc           0%         N/A       98%         3
 Inner Flame              Hex/Fire       0%         N/A       98%         3
 Teleport Other           Tloc           0%         N/A       98%         3
 Flame Wave               Conj/Fire      0%         2d4       100%        4
 Petrify                  Tmut/Erth      0%         N/A       100%        4
 Sticky Flame             Conj/Fire      0%         2d3       100%        4
 Irradiate                Conj/Tmut      0%         3d11      100%        5
 Summon Cactus Giant      Summ           0%         N/A       100%        6


Dungeon Overview and Level Annotations

Branches:
Dungeon (3/15)

Altars:


Innate Abilities, Weirdness & Mutations

Your touch may inflict irresistible damage on your foes.


Message History

You closely miss the iguana. The iguana closely misses you.
You hit the iguana.
The iguana is lightly wounded.
The iguana completely misses you.
You barely miss the iguana.
The iguana is lightly wounded.
The iguana bites you.
You hit the iguana but do no damage.
You touch the iguana!
The iguana is severely wounded.
The iguana bites you but does no damage. x2
You hit the iguana.
You touch the iguana.
You kill the iguana!
No target in view!
You see here an iguana corpse.
A bat comes into view.
Found 7 gold pieces.
A bat is nearby!
The bat closely misses you.
You hit the bat.
You kill the bat!
A rat comes into view.
A bat comes into view.
The bat closely misses you.
There are monsters nearby!
You reach to attack!
You barely miss the bat. The bat hits you but does no damage.
The bat barely misses you.
You puncture the bat!
You kill the bat!
The rat bites you but does no damage.
You closely miss the rat. The rat bites you but does no damage.
You hit the rat.
The rat is heavily wounded.
The rat bites you but does no damage.
You hit the rat but do no damage.
You touch the rat.
You kill the rat!
No target in view!
Sorry, you're not good enough to have a special ability.
Okay, then.
Are you sure you want to abandon this character and quit the game? (Confirm with "yes".)

.#..##.... #..#
#.. #..#. #..# ..
#..#. ###..##
....#. #.....###
###.##. #$......
..##. #.....#
...... #.†...# ~.
####. #..@..#~~~#
#.. ###.### ~~##.#
#.. #.# ~.##.# #.#
#.# #>##.# #.# #.#
##.##.#####.#
#.####...#.......#
#.##...#.#.#####.#
#.##.#...#.# #....
#....†...[.# #.#.#


There were no monsters in sight!

Vanquished Creatures
  An iguana (D:3)
  Terence (D:2)
  3 adders
  3 gnolls
  A dart slug (D:2)
  5 orcs (D:3)
  A ball python (D:2)
  8 bats
  7 endoplasms
  2 giant cockroaches
  7 goblins
  2 hobgoblins
  6 kobolds
  A quokka (D:2)
  2 frilled lizards
  6 rats
56 creatures vanquished.

Notes
Turn   | Place    | Note
-------+----------+-------------------------------------------
     0 | D:1      | McKennaii the Demonspawn Fighter began the quest for the
                  | Orb.
     0 | D:1      | Reached XP level 1. HP: 18/18 MP: 1/1
   470 | D:1      | Gained mutation: Your touch may inflict minor irresistible
                  | damage on your foes. [demonic ancestry]
   470 | D:1      | Reached XP level 2. HP: 24/24 MP: 2/2
  1067 | D:2      | Noticed Terence
  1075 | D:2      | Killed Terence
  1076 | D:2      | Reached XP level 3. HP: 29/29 MP: 3/3
  1364 | D:2      | Reached XP level 4. HP: 37/37 MP: 4/4
  1510 | D:2      | Identified the +6 dagger of Ifuodiuh {venom, Dex+3}
  1840 | D:2      | Reached skill level 4 in Fighting
  1947 | D:3      | Gained mutation: Your touch may inflict irresistible damage
                  | on your foes. [demonic ancestry]
  1947 | D:3      | Reached XP level 5. HP: 38/42 MP: 3/5
  2219 | D:3      | Quit the game

Illustrated notes

Levels and vault maps discovered:
D:1:      tekkud_arrival_beachfront_property, layout_basic
D:2:      wad_crossroads, layout_basic, uniq_terence
D:3:      layout_loops_ring, serial_bayou_pond_e, serial_bayou_pond_d

Skill      XL: |  1  2  3  4 |
---------------+-------------+-----
Polearms       | 2 3 |  3.2
Armour         | 3 |  3.8
Fighting       | 4 |  4.1
Shields        | |  2.8

Action                     |  1- 3 |  4- 6 || total
---------------------------+-------+-------++-------
  Melee: Trident           |    66 |    71 ||   137
         Touch             |     5 |    13 ||    18
 Armour: Scale mail        |    22 |    20 ||    42
  Dodge: Dodged            |    19 |    32 ||    51
  Block: Buckler           |     6 |       ||     6
